 Dungeon Crawl Stone Soup version 0.19-a0-1091-g463c9de (webtiles) character file.

59 Gagarin the Grave Robber (level 3, -10/24 HPs)
             Began as a Demonspawn Necromancer on Aug 7, 2016.
             Killed by nerve-wracking pain
             ... invoked by a shadow imp
              (12 damage)
             ... on level 3 of the Dungeon.
             The game lasted 00:10:59 (2887 turns).

Gagarin the Grave Robber (Demonspawn Necromancer)   Turns: 2887, Time: 00:10:59

Health: -10/24     AC:  3    Str:  8    XL:     3   Next: 78%
Magic:  7/7        EV:  9    Int: 17    God:
Gold:   82         SH:  0    Dex: 13    Spells: 3 memorised, 4 levels left

rFire  . . .     SeeInvis .     d - -2 short sword (curse)
rCold  . . .     Gourm    .     a - +1 robe
rNeg   . . .     Faith    .     (no shield)
rPois  .         Spirit   .     (no helmet)
rElec  .         Dismiss  .     (no cloak)
rCorr  .         Reflect  .     (no gloves)
SustAt .         Harm     .     (no boots)
MR     .....                    (no amulet)
Stlth  ++........               (no ring)
                                u - -3 ring of evasion (curse)

@:
A: demonic guardian 1
a: no special abilities


You were on level 3 of the Dungeon.
You were not hungry.

You visited 1 branch of the dungeon, and saw 3 of its levels.

You collected 82 gold pieces.

Inventory:

Hand Weapons
 d - a cursed -2 short sword (weapon)
 l - a +0 dagger
Missiles
 j - 14 poisoned needles
Armour
 a - a +1 robe (worn)
Jewellery
 u - a cursed -3 ring of evasion (left hand)
Scrolls
 e - 3 scrolls of recharging
 g - a scroll of identify
 i - a scroll of amnesia
 o - a scroll of enchant weapon {unknown}
 s - a scroll of enchant armour
Potions
 f - 2 potions of flight {unknown}
 h - 2 potions of ambrosia {unknown}
 m - a potion of curing {unknown}
 p - a potion of heal wounds {unknown}
 v - 2 potions of brilliance {unknown}
Books
 b - a book of Necromancy

   Spells                             Type                      Level
   a - Pain                           Necromancy                   1
   b - Animate Skeleton               Necromancy                   1
   c - Vampiric Draining              Necromancy                   3
   d - Regeneration                   Charms/Necromancy            3
   e - Animate Dead                   Necromancy                   4
   f - Control Undead                 Necromancy                   4
 q - a book of Geomancy

   Spells                             Type                      Level
   a - Sandblast                      Earth                        1
   b - Passwall                       Transmutation/Earth          2
   c - Stone Arrow                    Conjuration/Earth            3
   d - Petrify                        Transmutation/Earth          4
   e - Lee's Rapid Deconstruction     Earth                        5
Comestibles
 c - 2 bread rations
 k - 2 meat rations
 n - 2 fruits
 r - a beef jerky
 t - 9 chunks of flesh


   Skills:
 + Level 0.2 Fighting
 + Level 2.1 Dodging
 + Level 2.0 Stealth
 + Level 2.7 Spellcasting
 + Level 5.2 Necromancy


You had 4 spell levels left.
You knew the following spells:

 Your Spells              Type           Power        Failure   Level  Hunger
a - Pain                  Necr           ###.         2%          1    #......
b - Animate Skeleton      Necr           N/A          2%          1    #......
c - Sandblast             Erth           #.....       21%         1    #......


Dungeon Overview and Level Annotations

Branches:
Dungeon (3/15)

Altars:
Dithmenos
Yredelemnul


Innate Abilities, Weirdness & Mutations

A weak demonic guardian rushes to your aid.


Message History

Pain shoots through your body!
* * * LOW HITPOINT WARNING * * *
Your giant newt skeleton barely misses the shadow imp.
You closely miss the shadow imp.
Your rat skeleton bites the shadow imp but does no damage.
The shadow imp hits you.
* * * LOW HITPOINT WARNING * * *
Your giant newt skeleton misses the shadow imp.
You swap places.
The shadow imp shouts, "Tremble, thou impertinent flat-headed toady!"
The shadow imp hits you but does no damage.
Your rat skeleton barely misses the shadow imp.
Your giant newt skeleton barely misses the shadow imp.
Your rat skeleton bites the shadow imp.
You hit the shadow imp but do no damage.
The shadow imp is lightly wounded.
The shadow imp gestures at you. Pain shoots through your body!
Ouch! That really hurt!
You die...

#.#
#.#.####
#.#
#...Z...
#.#
###.####
#.# #.# #
#.# #.#
#.# #.#
#.# ..#
#.# ...
#@#######
..#
#5Z.)....
...#
#Z..#####
##..# ..#
....
#.##. .#
# ..


You could see a shadow imp, a friendly giant newt skeleton and a friendly rat
skeleton.

Vanquished Creatures
  An adder (D:2)
  A worm (D:2)
  2 giant cockroaches (D:1)
  6 goblins
  8 hobgoblins
  2 jackals (D:2)
  2 quokkas (D:2)
  2 ball pythons (D:2)
  4 bats
  4 giant newts
  2 gnoll zombies (D:2)
  9 kobolds
  3 rats
46 creatures vanquished.

Notes
Turn   | Place    | Note
-------+----------+-------------------------------------------
     0 | D:1      | Gagarin the Demonspawn Necromancer began the quest for the Orb.
     0 | D:1      | Reached XP level 1. HP: 13/13 MP: 3/3
   313 | D:1      | Gained mutation: A weak demonic guardian rushes to your aid. [demonic ancestry]
   313 | D:1      | Reached XP level 2. HP: 12/19 MP: 0/5
   416 | D:1      | Learned a level 1 spell: Animate Skeleton
  1331 | D:2      | Learned a level 1 spell: Sandblast
  1439 | D:2      | Reached skill level 5 in Necromancy
  1439 | D:2      | Reached XP level 3. HP: 15/24 MP: 0/6
  1886 | D:2      | Found a basalt altar of Yredelemnul.
  2185 | D:2      | Found a shadowy altar of Dithmenos.
  2884 | D:3      | HP: 1/24 [shadow imp (3)]
  2887 | D:3      | Killed from afar by a shadow imp

Vault maps used:
D:1:      tarquinn_simple_flora_water_d
D:2:      nicolae_dithmenos_shadow_blocks, lemuel_zombie_altar_yredelemnul,
          patterned_corridor
D:3:      ecumenical_altar_1

Skill      XL: |  1  2  3 |
---------------+----------+-----
Dodging        | 2 |  2.1
Necromancy     | 5 |  5.2
Stealth        | 2 |  2.0
Fighting       | |  0.2
Spellcasting   | |  2.7

Action                   || total
-------------------------++-------
Melee: Unarmed           ||     9
       Short sword       ||    33
 Cast: Pain              ||    78
       Animate Skeleton  ||    11
  Use: Scroll            ||     4
 Stab: Sleeping          ||     1
  Eat: Chunk             ||     7
Armor: Robe              ||     7
Dodge: Dodged            ||    38
